 Dungeon Crawl Stone Soup version 0.26.1-2-gb8aa6d0cf2 (webtiles) character file.

Game seed: 13393110582877722552

156 nightchill the Poker (level 5, -3/41 HPs)
             Began as a Merfolk Gladiator on Mar 19, 2021.
             Was an Initiate of Fedhas.
             Slain by an orc
             ... wielding a +0 hand axe
              (5 damage)
             ... on level 3 of the Dungeon.
             The game lasted 00:03:03 (2358 turns).

nightchill the Poker (Merfolk Gladiator)            Turns: 2358, Time: 00:03:03

Health: -3/41      AC:  6    Str: 15    XL:     5   Next: 38%
Magic:  6/6        EV:  9    Int:  8    God:    Fedhas [......]
Gold:   137        SH:  7    Dex: 15    Spells: 4/4 levels left

rFire    . . .     SeeInvis .   a - +0 trident
rCold    . . .     Faith    .   l - +0 kite shield
rNeg     . . .     Spirit   .   i - +0 ring mail (curse)
rPois    .         Reflect  .   c - +0 helmet
rElec    .         Harm     .   (no cloak)
rCorr    .         Rampage  .   (no gloves)
Will     .....                  (no boots)
Stlth    +.........             (no amulet)
HPRegen  0.13/turn              (no ring)
MPRegen  0.10/turn              (no ring)

@: no status effects
A: change form in water, swift swim, stealthy swim
a: Renounce Religion


You were on level 3 of the Dungeon.
You worshipped Fedhas.
Fedhas was noncommittal.
You visited 1 branch of the dungeon, and saw 3 of its levels.

You collected 137 gold pieces.

Inventory:

Hand Weapons
 a - a +0 trident (weapon)
Missiles
 d - 3 throwing nets (quivered)
Armour
 b - a +0 leather armour
 c - a +0 helmet (worn)
 i - a cursed +0 ring mail (worn)
 l - a +0 kite shield (worn)
Jewellery
 m - an uncursed ring of resist corrosion {unknown}
Scrolls
 e - 5 scrolls of identify {unknown}
 h - a scroll of enchant armour {unknown}
Potions
 f - a potion of invisibility {unknown}
 g - a potion of flight {unknown}
 j - a potion of mutation {unknown}
 k - a potion of might {unknown}


   Skills:
 + Level 3.6 Fighting
 * Level 7.0 Polearms
 - Level 2.0 Throwing
 - Level 4.0 Dodging
 + Level 1.8 Invocations


You had 4 spell levels left.
You didn't know any spells.
Your spell library was empty.

Dungeon Overview and Level Annotations

Branches:
Dungeon (3/15)

Altars:
Fedhas


Message History

You hit the orc.
The orc is heavily wounded.
The orc closely misses you. You block the orc's attack.
You hit the orc.
You kill the orc!
Fedhas accepts your kill. The orc hits you with a +0 hand axe!
* * * LOW HITPOINT WARNING * * *
The orc priest invokes the aid of Beogh against you.
Beogh smites you!
* * * LOW HITPOINT WARNING * * *
A worm comes into view.
You block the orc priest's attack. The orc hits you with a +0 hand axe.
* * * LOW HITPOINT WARNING * * *
Items here: ( )) [ ††.
You hit the orc priest.
The orc priest is heavily wounded.
The orc hits you with a +0 hand axe.
You die...
Fedhas appreciates your contribution to the ecosystem.

#+# #..... .. #....# #.#
#....# #####.. #....#
.......## #.##..†(#
........# #.##...(#
........## #.##..<.+
.......wo# #.##..(.#
.......#@## #.##..).+
.......#.o# #.##....#
..o.o..##)## #.##.####
.......##..####.##<#
.......+...........#####
.......###†.###...[....#
....... ##.# #........#
#.# #........# #..
#........#


You could see a worm, an orc priest and an orc.

Vanquished Creatures
  A centaur (D:3)
  4 adders
  A dart slug (D:1)
  A leopard gecko (D:2)
  4 orcs
  4 giant cockroaches
  A goblin (D:2)
  10 hobgoblins
  3 bats
  2 frilled lizards
  4 kobolds
  3 rats
38 creatures vanquished.

Notes
Turn   | Place    | Note
-------+----------+-------------------------------------------
     0 | D:1      | nightchill the Merfolk Gladiator began the quest for the
                  | Orb.
     0 | D:1      | Reached XP level 1. HP: 16/16 MP: 1/1
   102 | D:1      | Reached XP level 2. HP: 23/23 MP: 2/2
   182 | D:1      | Reached skill level 5 in Polearms
  1391 | D:2      | Reached XP level 3. HP: 21/28 MP: 3/3
  1557 | D:2      | Found a blossoming altar of Fedhas.
  1568 | D:2      | Became a worshipper of Fedhas Madash
  1749 | D:2      | Reached skill level 6 in Polearms
  1751 | D:2      | Reached XP level 4. HP: 19/35 MP: 4/4
  2050 | D:3      | Noticed a centaur
  2166 | D:3      | Killed a centaur
  2167 | D:3      | Reached skill level 1 in Invocations
  2167 | D:3      | Reached XP level 5. HP: 24/41 MP: 4/6
  2333 | D:3      | Reached skill level 7 in Polearms
  2357 | D:3      | HP: 2/41 [orc/+0 hand axe (1)]
  2358 | D:3      | Slain by an orc

Illustrated notes

Levels and vault maps discovered:
D:1:      dpeg_arrival_shelter, layout_basic
D:2:      minmay_spotlight, layout_rooms, lemuel_coloured_pillars_altar,
          kennysheep_cluttered_room
D:3:      layout_basic, bloody_makhleb

Skill      XL: |  1  2  3  4  5 |
---------------+----------------+-----
Polearms       | 5 6 7 |  7.0
Fighting       | 3 |  3.6
Invocations    | 1 |  1.8
Throwing       | |  2.0
Dodging        | |  4.0

Action                   |  1- 3 |  4- 6 || total
-------------------------+-------+-------++-------
Melee: Trident           |   108 |    46 ||   154
 Stab: Sleeping          |     2 |       ||     2
Armor: Leather armour    |     9 |       ||     9
       Ring mail         |    23 |     9 ||    32
Dodge: Dodged            |    41 |    19 ||    60
Block: Kite shield       |    11 |    19 ||    30
